 Dungeon Crawl Stone Soup version 0.29.1-2-gbd0b4ee654 (webtiles) character file.

Game seed: 9168950827973675163

123 sanboga the Cudgeller (level 4, -1/55 HPs)
             Began as a Demonspawn Berserker on Nov 29, 2022.
             Was a Believer of Trog.
             Slain by a ball python (3 damage)
             ... on level 3 of the Dungeon.
             The game lasted 00:02:44 (2701 turns).

sanboga the Cudgeller (Demonspawn Berserker)        Turns: 2701, Time: 00:02:45

Health: -1/55      AC:  3    Str: 19    XL:     4   Next: 79%
Magic:  4/4        EV: 12    Int:  9    God:    Trog [**....]
Gold:   115        SH:  4    Dex: 18    Spells: 3/3 levels left

rFire   . . .      SeeInvis .   m - +0 flail
rCold   . . .      Faith    .   (no shield)
rNeg    . . .      Spirit   .   b - +0 animal skin
rPois   .          Reflect  .   (no helmet)
rElec   .          Harm     .   (no cloak)
rCorr   .          Rampage  .   (no gloves)
Will    .....                   n - +0 pair of boots
Stlth   ..........              (no amulet)
HPRegen 0.18/turn               k - +6 ring of dexterity
MPRegen 0.09/turn               (no ring)

@: berserking (expiring), very quick
A: condensation shield
a: Renounce Religion, Berserk, Trog's Hand


You were on level 3 of the Dungeon.
You worshipped Trog.
Trog was pleased with you.
You visited 1 branch of the dungeon, and saw 3 of its levels.

You collected 115 gold pieces.

Inventory:

Hand Weapons
 m - a +0 flail (weapon)
Armour
 b - a +0 animal skin (worn)
 n - a +0 pair of boots (worn)
Jewellery
 k - a +6 ring of dexterity (left hand)
Scrolls
 a - a scroll of enchant armour {unknown}
 c - a scroll of fog {unknown}
 d - 2 scrolls of identify {unknown}
 f - a scroll of brand weapon {unknown}
 i - a scroll of magic mapping {unknown}
 l - a scroll of noise {unknown}
 o - a scroll of vulnerability {unknown}
Potions
 e - 2 potions of curing {unknown}
 g - a potion of mutation {unknown}
 h - a potion of might {unknown}
 j - a potion of brilliance {unknown}


   Skills:
 + Level 3.7 Fighting
 * Level 4.0 Maces & Flails
 + Level 2.7 Armour
 - Level 1.7 Dodging


You had 3 spell levels left.
You didn't know any spells.
Your spell library was empty.

Dungeon Overview and Level Annotations

Branches:
Dungeon (3/15)

Altars:
Kikubaaqudgha


Innate Abilities, Weirdness & Mutations

A meltable shield of frost defends you. (SH +4)


Message History

The gnoll misses you. The goblin hits you with a +0 dagger.
Your Maces & Flails skill increases to level 4!
You barely miss the goblin.
The gnoll hits you from afar with a +0 halberd.
You closely miss the goblin. The goblin closely misses you.
A ball python comes into view.
The ball python hisses angrily.
You bludgeon the goblin!!
You feel the power of Trog in you as your rage grows.
You kill the goblin!
Trog accepts your kill.
The gnoll hits you from afar with a +0 halberd!
The gnoll closely misses you.
Things that are here:
a +0 dagger; a +0 chain mail; a goblin corpse You closely miss the gnoll.
You sock the gnoll!
The gnoll is severely wounded.
The gnoll hits you but does no damage. You block the gnoll's attack.
You closely miss the gnoll. The gnoll hits you with a +0 flail.
You block the gnoll's attack. The gnoll hits you with a +0 halberd.
You barely miss the gnoll.
The gnoll is severely wounded.
The gnoll hits you with a +0 flail!
* * * LOW HITPOINT WARNING * * *
The gnoll closely misses you. The gnoll hits you with a +0 spear.
* * * LOW HITPOINT WARNING * * *
You sock the gnoll!
The gnoll is almost dead.
The gnoll hits you with a +0 flail.
* * * LOW HITPOINT WARNING * * *
The gnoll closely misses you. The gnoll misses you.
The ball python closely misses you. The ball python barely misses you.
You sock the gnoll!
You kill the gnoll!
Trog accepts your kill. The gnoll barely misses you.
The gnoll hits you with a +0 spear.
* * * LOW HITPOINT WARNING * * *
The ball python bites you.
You die...

.###.##..#
.........#
########..#
#....##...#
#._~....⌠.#
#...~.....#
#...~~....####..
##).~~~~........
#..~≈≈)@g####.#
#..~~~~S)g#
..⌠.~..~....
#.........#...
####...##.......
##.# ##.#### #.
. #. #


You could see 2 gnolls and a ball python.

Vanquished Creatures
  Ijyb (D:3)
  A gnoll (D:3)
  3 adders
  2 worms (D:2)
  5 orcs (D:2)
  3 ball pythons
  2 bats (D:1)
  3 endoplasms
  3 giant cockroaches
  10 goblins
  7 hobgoblins
  3 jackals (D:3)
  3 quokkas
  3 frilled lizards (D:2)
  4 kobolds
  A rat (D:2)
54 creatures vanquished.

Notes
Turn   | Place    | Note
-------+----------+-------------------------------------------
     0 | D:1      | sanboga the Demonspawn Berserker began the quest for the
                  | Orb.
     0 | D:1      | Reached XP level 1. HP: 18/18 MP: 1/1
    72 | D:1      | Reached skill level 3 in Maces & Flails
   340 | D:1      | Gained mutation: A meltable shield of frost defends you.
                  | (SH +4) [demonic ancestry]
   340 | D:1      | Reached XP level 2. HP: 22/24 MP: 2/2
  1070 | D:2      | Reached XP level 3. HP: 9/29 MP: 3/3
  1470 | D:2      | Reached ** piety under Trog
  1976 | D:2      | Found a faded altar of an unknown god.
  2147 | D:2      | Reached XP level 4. HP: 14/35 MP: 4/4
  2680 | D:3      | Found an ancient bone altar of Kikubaaqudgha.
  2680 | D:3      | Noticed Ijyb
  2691 | D:3      | Killed Ijyb
  2692 | D:3      | Reached skill level 4 in Maces & Flails
  2701 | D:3      | HP: 2/55 [gnoll/+0 spear (6)]
  2701 | D:3      | Slain by a ball python

Illustrated notes

Levels and vault maps discovered:
D:1:      minmay_arrival_open_corners, layout_rooms, st_stairs_8
D:2:      layout_rooms, shapermc_ecumenical_altar_mp_highgroup
D:3:      layout_loops_corners, kiku_gazebo_pond_becter,
          worldfamousw_hep_ancestral_shrine, st_stairs_4,
          dreamdust_mushroom_princess, uniq_ijyb

Skill      XL: |  1  2  3  4 |
---------------+-------------+-----
Maces & Flails | 3 4 |  4.0
Armour         | 2 |  2.7
Fighting       | |  3.7
Dodging        | |  1.7

Action                   |  1- 3 |  4- 6 || total
-------------------------+-------+-------++-------
Melee: Mace              |    81 |       ||    81
       Flail             |    41 |    41 ||    82
Invok: Berserk           |     3 |     1 ||     4
 Stab: Sleeping          |     2 |     1 ||     3
Armor: Animal skin       |    26 |     9 ||    35
Dodge: Dodged            |    81 |    30 ||   111
Block: Other             |    25 |    10 ||    35
